 Dungeon Crawl Stone Soup version 0.28-a0-863-g8cecda6153 (webtiles) character file.

Game seed: 331632061884348733

95 Ijustatesigmund the Skirmisher (level 4, -2/37 HPs)
             Began as a Demonspawn Fighter on Nov 19, 2021.
             Slain by a gnoll (8 damage)
             ... on level 2 of the Dungeon.
             The game lasted 00:02:34 (2193 turns).

Ijustatesigmund the Skirmisher (Demonspawn Fighter) Turns: 2193, Time: 00:02:34

Health: -2/37      AC:  8    Str: 16    XL:     4   Next: 39%
Magic:  4/4        EV:  4    Int: 11    God:
Gold:   24         SH:  8    Dex: 12    Spells: 3/3 levels left

rFire   . . .      SeeInvis .   a - +2 war axe
rCold   . . .      Faith    .   c - +0 kite shield
rNeg    . . .      Spirit   .   b - +0 chain mail
rPois   .          Reflect  .   (helmet restricted)
rElec   .          Harm     .   (no cloak)
rCorr   .          Rampage  .   (no gloves)
Will    .....                   (no boots)
Stlth   ..........              (no amulet)
HPRegen 0.12/turn               (no ring)
MPRegen 0.09/turn               (no ring)

@: no status effects
A: antennae 2
a: no special abilities


You were on level 2 of the Dungeon.
You visited 1 branch of the dungeon, and saw 2 of its levels.

You collected 24 gold pieces.

Inventory:

Hand Weapons
 a - a +2 war axe (weapon)
Armour
 b - a +0 chain mail (worn)
 c - a +0 kite shield (worn)
Wands
 h - a wand of polymorph (4)
Scrolls
 f - a scroll of enchant armour {unknown}
 g - 2 scrolls of noise {unknown}


   Skills:
 + Level 4.2 Fighting
 + Level 3.2 Axes
 - Level 2.6 Armour
 - Level 2.6 Shields


You had 3 spell levels left.
You didn't know any spells.
Your spell library contained the following spells:

 Spells                   Type           Power      Damage    Failure   Level
 Foxfire                  Conj/Fire      0%         2x1d4     100%        1
 Conjure Flame            Conj/Fire      0%         6-21      100%        3
 Inner Flame              Hex/Fire       0%         N/A       100%        3
 Flame Wave               Conj/Fire      0%         3d3       100%        4


Dungeon Overview and Level Annotations

Branches:
Dungeon (2/15)

Altars:
Elyvilon

Annotations:
D:2 Terence


Innate Abilities, Weirdness & Mutations

You have a pair of antennae on your head.


Message History

You block the gnoll's attack. The rat bites you but does no damage.
You hit the rat.
You kill the rat!
The gnoll hits you from afar with a +0 halberd.
The gnoll completely misses you. Terence barely misses you.
The gnoll hits you with a +0 halberd!
You see here a rat corpse.
You slash the gnoll!
The gnoll is severely wounded.
You hit Terence but do no damage. Terence hits you with a +0 hand axe.
The gnoll hits you with a +0 halberd. Terence hits you with a +0 hand axe.
You barely miss the gnoll.
The gnoll is severely wounded.
You barely miss Terence. The gnoll barely misses you.
You block Terence's attack. You block the gnoll's attack.
You closely miss the gnoll.
The gnoll is severely wounded.
You closely miss Terence. Terence hits you with a +0 hand axe.
You block the gnoll's attack. Terence hits you but does no damage.
The gnoll hits you but does no damage.
There is a stone staircase leading up, spattered with blood here.
There is a stone staircase leading down here.
You hit Terence.
Terence is moderately wounded.
You block the gnoll's attack. You block Terence's attack.
You barely miss Terence.
Terence is moderately wounded.
The gnoll barely misses you. You block Terence's attack.
The gnoll hits you from afar with a +0 halberd!
* * * LOW HITPOINT WARNING * * *
You block Terence's attack.
You closely miss Terence.
Terence is moderately wounded.
You block the gnoll's attack.
Terence says, "You're history."
Terence barely misses you.
You closely miss Terence.
Terence is moderately wounded.
The gnoll hits you from afar with a +0 halberd!
You die...

.#.## ##............#
#.......# .#.#
...............# #.......#
...##.##.#########...#
#.......# ......##.
##..#.####.......# ...##....
#.. #.....######## ......#
#####.# #....)# ..g.###
###.....###.....#
....######...###......####
..g......#.#.†g@@###..#
...........#.#######.##
..w.................>#
$.......#.<..........##
......................##
.#..###................# ....#
#.......>........##
........................###
..........................####


You could see Terence and a gnoll.

Vanquished Creatures
  A scorpion zombie (D:2)
  2 gnolls (D:1)
  An adder (D:1)
  2 dart slugs
  5 ball pythons
  A bat zombie (D:2)
  6 endoplasms
  3 goblins
  2 hobgoblins
  3 kobolds
  A quokka (D:1)
  4 bats
  2 frilled lizards
  A quokka zombie (D:2)
  3 rats
37 creatures vanquished.

Notes
Turn   | Place    | Note
-------+----------+-------------------------------------------
     0 | D:1      | Ijustatesigmund the Demonspawn Fighter began the quest for
                  | the Orb.
     0 | D:1      | Reached XP level 1. HP: 18/18 MP: 1/1
    16 | D:1      | Found a faded altar of an unknown god.
   206 | D:1      | Gained mutation: You have a pair of small antennae on your
                  | head. [demonic ancestry]
   206 | D:1      | Reached XP level 2. HP: 23/24 MP: 2/2
   656 | D:2      | Gained mutation: You have a pair of antennae on your head.
                  | [demonic ancestry]
   656 | D:2      | Reached XP level 3. HP: 9/30 MP: 3/3
  1044 | D:2      | HP: 1/30 [dart slug/slug dart (3)]
  1351 | D:2      | Reached skill level 4 in Fighting
  1357 | D:1      | Reached XP level 4. HP: 15/37 MP: 4/4
  1872 | D:2      | Noticed Terence
  1879 | D:2      | HP: 1/37 [gnoll (8)]
  2193 | D:2      | Slain by a gnoll

Illustrated notes

Levels and vault maps discovered:
D:1:      lightli_arrival_flooded_house, layout_rooms,
          shapermc_ecumenical_altar_acropolis, minmay_misc_feat_encased
D:2:      layout_rooms, basic_altar, serial_undead, serial_undead_c,
          serial_undead_c, serial_undead_f, serial_undead_d, uniq_terence

Skill      XL: |  1  2  3 |
---------------+----------+-----
Axes           | 2 3 |  3.2
Fighting       | 4 |  4.2
Armour         | |  2.6
Shields        | |  2.6

Action                   |  1- 3 |  4- 6 || total
-------------------------+-------+-------++-------
Melee: War axe           |    61 |    23 ||    84
  Use: Scroll            |     2 |       ||     2
       Potion            |     2 |       ||     2
Armor: Scale mail        |    12 |       ||    12
       Chain mail        |    37 |    12 ||    49
Dodge: Dodged            |    22 |     9 ||    31
Block: Buckler           |     6 |       ||     6
       Kite shield       |    36 |    16 ||    52

Table legend: (Time is in decaauts)
 A = Elapsed time spent in this place.
 B = Non-inter-level travel time spent in this place.
 C = Inter-level travel time spent in this place.
 D = Time resting spent in this place.
 E = Time spent auto-exploring this place.
 F = Levels seen in this place.
 G = Mean time per level.
                   A        B        C        D        E       F      G
               +--------+--------+--------+--------+--------+-----+--------+
         Total |   2227 |   2202 |     25 |   1369 |    535 |   2 | 1113.5 |
       Dungeon |   2227 |   2202 |     25 |   1369 |    535 |   2 | 1113.5 |
               +--------+--------+--------+--------+--------+-----+--------+

Top non-repeatable levels by time:
     D:1: 1701 daAuts
     D:2: 526 daAuts
